 Dungeon Crawl Stone Soup version 0.21.1-1-g345015f (webtiles) character file.

10 Goblin1989 the Insei (level 2, 0/21 HPs)
             Began as a Demonspawn Transmuter on Mar 2, 2018.
             Slain by a jackal (3 damage)
             ... on level 1 of the Dungeon.
             The game lasted 00:00:55 (416 turns).

Goblin1989 the Insei (Demonspawn Transmuter)         Turns: 416, Time: 00:00:56

Health: 0/21       AC:  2    Str: 10    XL:     2   Next: 10%
Magic:  3/5        EV: 12    Int: 14    God:
Gold:   13         SH:  0    Dex: 15    Spells: 4/5 levels left

rFire    . . .     SeeInvis .     - Unarmed
rCold    . . .     Gourm    .   (no shield)
rNeg     . . .     Faith    .   b - +0 robe
rPois    .         Spirit   .   (no helmet)
rElec    .         Reflect  .   (no cloak)
rCorr    .         Harm     .   (no gloves)
MR       .....                  (boots currently unavailable)
Stlth    ++........             (no amulet)
HPRegen  0.07/turn              (no ring)
MPRegen  0.09/turn              (no ring)

@: appendage
A: talons 3, thin skeletal structure 1
a: End Transformation


You were on level 1 of the Dungeon.
You were not hungry.
You had grown temporary talons.
You visited 1 branch of the dungeon, and saw 1 of its levels.

You collected 13 gold pieces.

Inventory:

Missiles
 a - 12 arrows
Armour
 b - a +0 robe (worn)
Scrolls
 f - a scroll of identify {unknown}
 g - a scroll of enchant armour {unknown}
 h - a scroll of teleportation {unknown}
Books
 c - a book of Changes

   Spells                             Type                      Level
   a - Beastly Appendage              Transmutation                1
   b - Sticks to Snakes               Transmutation                2
   c - Spider Form                    Transmutation/Poison         3
   d - Ice Form                       Ice/Transmutation            4
   e - Blade Hands                    Transmutation                5
Comestibles
 e - 2 rations
 i - a chunk of flesh


   Skills:
 - Level 1.0 Fighting
 - Level 1.7 Dodging
 + Level 3.3 Unarmed Combat
 - Level 2.0 Spellcasting
 - Level 1.7 Transmutations


You had 4 spell levels left.
You knew the following spells:

 Your Spells              Type           Power        Failure   Level  Hunger
a - Beastly Appendage     Tmut           #.....       12%         1    ##.....


Dungeon Overview and Level Annotations

Branches:
Dungeon (1/15)

Altars:


Innate Abilities, Weirdness & Mutations

You have a somewhat thin skeletal structure. (Dex +2, Stealth)
You have claws for feet.


Message History

Your transformation is almost over.
You see here a dagger.
You now have 13 gold pieces.
Magic restored.
Your talons disappear.
A frilled lizard, a bat and a jackal come into view.
Health restored: 15; MP restored: 3 The frilled lizard hisses angrily.
The jackal barks!
You hear a bark!
You hear an angry hiss.
The bat barely misses you.
You see here a dagger.
The bat hits you but does no damage. x2
You miss the bat. The bat hits you but does no damage. The bat misses you.
The bat hits you.
The frilled lizard misses you. 2 jackals come into view.
You see here a dagger.
You take 1 damage, and have 14/15 hp.
You completely miss the frilled lizard. The frilled lizard closely misses you.
The jackal bites you.
You take 1 damage, and have 13/15 hp.
You barely miss the frilled lizard. The jackal bites you.
The frilled lizard bites you but does no damage.
A frilled lizard comes into view.
You take 2 damage, and have 11/15 hp.
You closely miss the frilled lizard.
The frilled lizard hisses angrily.
The jackal closely misses you. The frilled lizard bites you.
The jackal bites you.
You take 4 damage, and have 7/15 hp.
MASSIVE DAMAGE!!
You are too injured to fight recklessly!
You are too injured to fight recklessly!
You are too injured to fight recklessly!
You are too injured to fight recklessly!
You are too injured to fight recklessly!
You are too injured to fight recklessly!
You are too injured to fight recklessly!
You are too injured to fight recklessly!
You are too injured to fight recklessly!
You are too injured to fight recklessly!
The bat hits you.
* * * LOW HITPOINT WARNING * * *
You take 1 damage, and have 6/15 hp.
Casting: Beastly Appendage
Confirm with . or Enter, or press ? or * to list all spells.
Your feet morph into talons.
The bat barely misses you.
You now have 2/3 mp.
The frilled lizard misses you.
You completely miss the frilled lizard. The frilled lizard misses you.
You barely miss the frilled lizard.
You kill the frilled lizard!
The bat hits you but does no damage.
You hit the bat.
You kill the bat!
You have reached level 2!
Your demonic ancestry asserts itself...
Your bones become slightly less dense.
You regained 3 hp, and now have 9/21 hp.
You hit the jackal.
The jackal is moderately wounded.
The jackal closely misses you. The jackal bites you.
* * * LOW HITPOINT WARNING * * *
You take 1 damage, and have 8/21 hp.
You closely miss the jackal.
The jackal is moderately wounded.
Your transformation is almost over.
The jackal closely misses you. x2
You hit the jackal but do no damage.
The jackal is moderately wounded.
The jackal barely misses you. The jackal bites you.
* * * LOW HITPOINT WARNING * * *
You take 3 damage, and have 6/21 hp.
The jackal bites you but does no damage. x2
The jackal bites you.
* * * LOW HITPOINT WARNING * * *
You take 1 damage, and have 5/21 hp.
The jackal bites you.
* * * LOW HITPOINT WARNING * * *
You take 1 damage, and have 4/21 hp.
The jackal closely misses you.
You closely miss the jackal. Your kick misses the jackal.
The jackal barely misses you.
You barely miss the jackal.
The jackal is moderately wounded.
The jackal bites you but does no damage.
You hit the jackal.
You kill the jackal!
You barely miss the jackal. You claw the jackal, but do no damage.
Your talons disappear.
The jackal barely misses you.
You hit the jackal but do no damage. The jackal barely misses you.
The jackal bites you.
* * * LOW HITPOINT WARNING * * *
You take 1 damage, and have 3/21 hp.
You hit the jackal. You punch the jackal.
The jackal is almost dead.
The jackal barely misses you.
Casting: Beastly Appendage
Confirm with . or Enter, or press ? or * to list all spells.
Your feet morph into talons.
The jackal bites you.
You die...

. █.█▲█.........█.█
..█████.....███...█.█.███.█.█
........██...................
...$....███.███.███.█.███.█..█
.........)..............█.█...█
.....$.█.██.███lh████.█.█.██..██
.......█.██.█ ██h██.......██...█
..l....█.██.█ █h██.█...████...█
.......█.██.█ █@██.█...█ █...█
............█ █.██.....█ █..█
.......██████ █..███...█████..██


█h█████ ██.█ █............ .█ █...██.██.███ .. █...██..█.█ █. █.......█.███
.██............ █..████.█.███ You could see 3 jackals and a frilled lizard.

Vanquished Creatures
  An ooze (D:1)
  A bat (D:1)
  A goblin (D:1)
  A jackal (D:1)
  2 frilled lizards (D:1)
  A rat (D:1)
7 creatures vanquished.

Notes
Turn   | Place    | Note
-------+----------+-------------------------------------------
     0 | D:1      | Goblin1989 the Demonspawn Transmuter began the quest for the Orb.
     0 | D:1      | Reached XP level 1. HP: 15/15 MP: 3/3
    64 | D:1      | Reached skill level 3 in Unarmed Combat
   401 | D:1      | Gained mutation: You have a somewhat thin skeletal structure. (Dex +2, Stealth) [demonic ancestry]
   401 | D:1      | Reached XP level 2. HP: 9/21 MP: 3/5
   416 | D:1      | Slain by a jackal

Skill      XL: |  1 |
---------------+----+-----
Unarmed Combat | 3 |  3.3
Fighting       | |  1.0
Dodging        | |  1.7
Spellcasting   | |  2.0
Transmutations | |  1.7

Action                   || total
-------------------------++-------
Melee: Unarmed           ||    36
       Kick              ||     2
       Punch             ||     1
 Cast: Beastly Appendage ||     3
Armor: Robe              ||     9
Dodge: Dodged            ||    27

Vault maps used:
D:1:      minmay_arrival_jagged
